 Dungeon Crawl Stone Soup version 0.19-a0-1932-g59670f6 (webtiles) character file.

49 varam the Cudgeler (level 3, 23/23 HPs)
             Began as a Gargoyle Monk on Oct 25, 2016.
             Was a Believer of Cheibriados.
             Quit the game on level 2 of the Dungeon.
             The game lasted 00:02:31 (1381 turns).

varam the Cudgeler (Gargoyle Monk)                  Turns: 1381, Time: 00:02:32

Health: 23/23      AC:  5    Str: 20    XL:     3   Next: 75%
Magic:  3/3        EV: 13    Int: 20    God:    Cheibriados [**....]
Gold:   0          SH:  0    Dex: 19    Spells: 0 memorised, 2 levels left

rFire  . . .     SeeInvis .     a - +0 mace
rCold  . . .     Gourm    .     b - +0 robe
rNeg   + . .     Faith    .     (no shield)
rPois  ∞         Spirit   .     (no helmet)
rElec  +         Reflect  .     (no cloak)
rCorr  .         Harm     .     (no gloves)
MR     .....                    (no boots)
Stlth  ++........               (no amulet)
                                (no ring)
                                d - +4 ring of intelligence

@: very slow
A: negative energy resistance 1, electricity resistance, unbreathing,
petrification resistance, rot immunity, AC +3
a: Bend Time, Renounce Religion


You were on level 2 of the Dungeon.
You worshipped Cheibriados.
Cheibriados was pleased with you.
You were hungry.

You visited 1 branch of the dungeon, and saw 2 of its levels.

Inventory:

Hand Weapons
 a - a +0 mace (weapon)
Armour
 b - a +0 robe (worn)
Jewellery
 d - a +4 ring of intelligence (left hand)
Wands
 e - a wand of paralysis (15/24)
Scrolls
 g - a scroll of identify {unknown}
 h - a scroll of remove curse {unknown}
Comestibles
 c - a bread ration
 f - 3 chunks of flesh


   Skills:
 - Level 3.2 Fighting
 + Level 4.6 Maces & Flails
 - Level 2.4 Dodging
 - Level 2.1 Stealth


You had 2 spell levels left.
You didn't know any spells.

Dungeon Overview and Level Annotations

Branches:
Dungeon (2/15)

Altars:
Cheibriados
Makhleb


Innate Abilities, Weirdness & Mutations

You are resistant to torment.
Your stone body is resilient. (AC +3)
You are immune to poison.
You resist negative energy. (rN+)
You are resistant to electric shocks. (rElec)
You can survive without breathing.
You are immune to petrification.
You are immune to rotting.


Message History

Found two faded altars of an unknown god.
Things that are here:
a dagger; a hunting sling; 16 stones You are feeling hungry.
Found a faded altar of an unknown god.
Found a burning altar of Makhleb.
Found a faded altar of an unknown god.
There is a burning altar of Makhleb here.
There is a faded altar of an unknown god here.
Unknown command.
Press < or > to pray at altars.
You cannot tell which god this altar belongs to.
Convert to them anyway?
Cheibriados accepts your prayer! Cheibriados welcomes you!
Cheibriados slows and strengthens your metabolism.
Cheibriados raises the support of your attributes as your movement slows. x3
Cheibriados begins to support your attributes as your movement slows.
You can now bend time to slow others.
Cheibriados raises the support of your attributes as your movement slows. x2
Are you sure you want to abandon this character and quit the game? (Confirm with "yes".)

..#.###.##...#### ...##. ....#
#.........# #.... ..>.#
#.###.###.# # ####. ....# #.# #.#
#.### #..####. .#.## #.# #.#
###_## #....... ..##
#.###(####...#### ########
.######†..(##.........# #
........####..##...##..# ##
...#######_..###@._###.._# ##.
....## ####..#######..#### ##..
.....####..##.........##..####...
.....'......#####)#####......'...
.....####...# #'####....####...
....## ##..# #..##..#..# ##..
...## ##.# #......<..# ##. ..##
#.# ##........# ## '## #.#
####.##### #


There were no monsters in sight!

Vanquished Creatures
  2 adders (D:2)
  3 worms (D:2)
  A dart slug (D:2)
  A giant cockroach (D:2)
  3 goblins
  A hobgoblin (D:2)
  2 jackals (D:2)
  3 kobolds
  2 bats (D:2)
  A frilled lizard (D:2)
  3 rats
22 creatures vanquished.

Notes
Turn   | Place    | Note
-------+----------+-------------------------------------------
     0 | D:1      | varam the Gargoyle Monk began the quest for the Orb.
     0 | D:1      | Reached XP level 1. HP: 14/14 MP: 1/1
   147 | D:2      | Reached XP level 2. HP: 19/19 MP: 2/2
   331 | D:2      | Reached skill level 4 in Maces & Flails
   392 | D:2      | Reached XP level 3. HP: 6/23 MP: 3/3
  1357 | D:2      | Found a faded altar of an unknown god.
  1357 | D:2      | Found a faded altar of an unknown god.
  1363 | D:2      | Found a faded altar of an unknown god.
  1365 | D:2      | Found a burning altar of Makhleb.
  1366 | D:2      | Found a faded altar of an unknown god.
  1381 | D:2      | Became a worshipper of Cheibriados the Contemplative
  1381 | D:2      | Reached * piety under Cheibriados
  1381 | D:2      | Reached ** piety under Cheibriados
  1381 | D:2      | Quit the game

Vault maps used:
D:1:      lightli_arrival_farm, minmay_octomino_j4
D:2:      chequers_temple_overflow_minitemple

Skill      XL: |  1  2 |
---------------+-------+-----
Maces & Flails | 4 |  4.6
Fighting       | |  3.2
Dodging        | |  2.4
Stealth        | |  2.1

Action                   || total
-------------------------++-------
Melee: Mace              ||    86
 Stab: Sleeping          ||     3
  Eat: Chunk             ||     1
Armor: Robe              ||    30
Dodge: Dodged            ||    60
